 Dungeon Crawl Stone Soup version 0.29.1-13-g9f3cf754e1 (webtiles) character file.

Game seed: 18158327481909529700

24 croobank the Sneak (level 3, 0/26 HPs)
             Began as an Octopode Delver on Jan 19, 2023.
             Succumbed to an adder's poison
             ... on level 2 of the Dungeon.
             The game lasted 00:02:45 (632 turns).

croobank the Sneak (Octopode Delver)                 Turns: 632, Time: 00:02:46

Health: 0/26       AC:  1    Str: 11    XL:     3   Next: 2%
Magic:  3/3        EV: 13    Int: 14    God:
Gold:   90         SH:  5    Dex: 13    Spells: 2/2 levels left

rFire   . . .      SeeInvis .   a - +0 hand axe
rCold   . . .      Faith    .   (no shield)
rNeg    . . .      Spirit   .   (helmet restricted)
rPois   .          Reflect  +   j - amulet of reflection
rElec   .          Harm     .   (no ring)
rCorr   .          Rampage  .   (no ring)
Will    .....                   (no ring)
Stlth   ++++......              (no ring)
HPRegen 0.08/turn               (no ring)
MPRegen 0.08/turn               (no ring)
                                (no ring)
                                (no ring)

@: lethally poisoned (0 -> -4), weak-willed, hasted, very quick
A: almost no armour, amphibious, 8 rings, camouflage 1, gelatinous body 1,
(nimble swimmer 1), tentacles
a: no special abilities


You were on level 2 of the Dungeon.
You visited 1 branch of the dungeon, and saw 5 of its levels.

You collected 90 gold pieces.

Inventory:

Hand Weapons
 a - a +0 hand axe (weapon)
 k - a +0 dagger
Missiles
 l - 8 poisoned darts (quivered)
Jewellery
 j - an amulet of reflection (around mantle)
Wands
 f - a wand of digging (3)
Scrolls
 b - 2 scrolls of fog
 c - a scroll of magic mapping
 i - a scroll of identify {unknown}


   Skills:
 + Level 3.3 Fighting
 + Level 2.3 Axes
 + Level 2.3 Dodging
 + Level 6.9 Stealth


You had 2 spell levels left.
You didn't know any spells.
Your spell library was empty.

Dungeon Overview and Level Annotations

Branches:
Dungeon (6/15)
 Temple: D:4-7

Altars:
Cheibriados
Uskayaw
Zin


Innate Abilities, Weirdness & Mutations

You cannot wear most types of armour.
You are amphibious.
You can wear up to eight rings at the same time.
Your skin changes colour to match your surroundings (Stealth+).
Your rubbery body absorbs attacks. (AC +1, EV +1)
((You are camouflaged when in or above water. (Stealth+)))
You have tentacles for arms and can constrict up to eight enemies at once.


Message History

The adder bites you but does no damage. The goblin hits you with a +0 dagger.
You miss the adder. Your grab misses the adder.
You hit the goblin but do no damage. You hit the endoplasm.
The adder bites you.
You are poisoned.
The adder poisons you! The goblin completely misses you.
The endoplasm freezes you.
You are frozen.
The adder misses you.
You are too injured to fight recklessly!
You are too injured to fight recklessly!
You feel sick. The endoplasm freezes you.
You are frozen.
* * * LOW HITPOINT WARNING * * *
You feel yourself speed up.
You feel sick. The adder barely misses you. The endoplasm freezes you.
You are frozen.
* * * LOW HITPOINT WARNING * * *
It was a potion of curing.
You feel better. The adder bites you.
* * * LOW HITPOINT WARNING * * *
You are poisoned.
The adder poisons you! The hobgoblin hits you.
* * * LOW HITPOINT WARNING * * *
The endoplasm closely misses you.
You aren't carrying any potions.
Unknown command.
As you read the scroll of fear, it crumbles to dust.
You assume a fearsome visage.
The adder looks frightened!
The hobgoblin looks frightened!
The goblin looks frightened!
The endoplasm looks frightened!
* * * LOW HITPOINT WARNING * * *
You feel sick.
You aren't carrying any potions.
As you read the scroll labelled PURPHE HERHAURCH, it crumbles to dust.
Your attack snaps the endoplasm out of its fear.
Your attack snaps the hobgoblin out of its fear.
Your attack snaps the goblin out of its fear.
Your attack snaps the adder out of its fear.
Magic quickly surges around you.
It was a scroll of vulnerability.
You die...

### #.. #.#
##### #.#
#...####.#
#..>.†...#
#...###.g####
##.##
#@#.$.#.. #.
#.J...... #.
#gS...... ..
#......#. .#
#.#...## #.
#.##.## #.#
.. ... ...
#.. ...


You could see an adder (weak-willed), an endoplasm (fleeing, weak-willed), a
hobgoblin (weak-willed) and a goblin (weak-willed).

Vanquished Creatures
  An adder (D:3)
  3 orcs (D:3)
  A ball python (D:2)
  An endoplasm (D:4)
  2 hobgoblins (D:3)
  3 kobolds
11 creatures vanquished.

Notes
Turn   | Place    | Note
-------+----------+-------------------------------------------
     0 | D:5      | croobank the Octopode Delver began the quest for the Orb.
     0 | D:5      | Reached XP level 1. HP: 16/16 MP: 1/1
    25 | D:6      | Noticed a bullfrog
    25 | D:6      | Noticed a sky beast
    40 | D:6      | Noticed a gnoll sergeant
   116 | D:5      | Noticed a hound
   116 | D:5      | Noticed a yak
   116 | D:5      | Noticed a yak
   117 | D:5      | Noticed a yak
   155 | D:3      | Reached XP level 2. HP: 5/21 MP: 2/2
   455 | D:3      | Found a snail-covered altar of Cheibriados.
   455 | D:3      | Found a hide-covered altar of Uskayaw.
   579 | D:4      | Found a glowing silver altar of Zin.
   626 | D:2      | Reached XP level 3. HP: 21/26 MP: 3/3
   631 | D:2      | HP: 1/26 [poisoned by an adder]
   632 | D:2      | Succumbed to an adder's poison

Illustrated notes

Levels and vault maps discovered:
D:2:      layout_loops_ring, hellmonk_ecumenical_altar_leap_of_faith,
          minmay_3d_cube
D:3:      layout_rooms, gammafunk_temple_overflow_pools
D:4:      layout_layer_cave, zin_academy, minmay_temple_entry_sparse_star,
          minmay_rat_hole
D:5:      layout_cave_pools, hangedman_abyss_or_decor_stagger,
          kennysheep_generic_room_10
D:6:      layout_basic, kennysheep_mini_moat, grunt_ministairs_2

Action                   || total
-------------------------++-------
Melee: Hand axe          ||    23
       Constrict         ||     6
       Tentacles         ||     4
       Punch             ||     1
  Use: Scroll            ||     2
       Potion            ||     2
 Stab: Sleeping          ||     2
Armor: Skin              ||     1
Dodge: Dodged            ||    19
Block: Other             ||     2
